[Event "44th Chess Olympiad Open 2022"]
[Site "Chennai"]
[Date "2022.08.03"]
[Round "6.45"]
[White "Diaz Rosas, Julio Cesar"]
[Black "Razanadrakotoarisoa, Toavina"]
[Result "0-1"]
[WhiteElo "2328"]
[BlackElo "2039"]
[Annotator "TA"]
[PlyCount "84"]
[EventDate "2022.??.??"]
[TimeControl "60"]

1. d4 Nf6 2. c4 c5 3. d5 d6 4. Nc3 e6 5. e4 exd5 6. cxd5 g6 7. f4 Bg7 8. e5 Nfd7 9. Nb5 dxe5 10. Nd6+ Ke7 11. Nxc8+ Qxc8 12. Nf3 Re8 13. Bc4 (13. f5 $11 {keeps the balance.}) 13... Kf8 {[%emt 0:04:12]
A66: Modern Benoni: Mikenas Attack.} 14. O-O {[%emt 0:00:08] Black must now
prevent Ng5.} e4 15. Ng5 {[%emt 0:00:41] Threatens to win
with f5.} Bd4+ (15... Nb6 $1 $17 16. Bb5 Rd8)
16. Kh1 $14 h6 17. f5 $1 hxg5 18. fxg6 f6 19. Qh5 {[%emt 0:00:59] Threatening mate
with d6.} Ke7 20. g7 {[%emt 0:00:26]
[%cal Yc1g5] Against Rh8} Kd6 {[%emt 0:00:00] [#] Hoping for ...Nb6.} 21. Bxg5
$146 ({Predecessor:} 21. Qg6 Kc7 22. d6+ Kb6 23. g8=Q Rxg8 24.
Qxg8 Qxg8 25. Bxg8 Na6 26. Bh7 Re8 27. Bf5 {½-½ (66) Mlynek,P (2205)-Pekun,C
(2164) Rogaska Slatina 2009}) 21... fxg5 $17 22. Qg6+ (22. Qxg5 $17 Qd8 23. Qg6+ Nf6 24. Rxf6+ Bxf6 25. Rf1) 22...
Kc7 $19 23. Rf7 {[%emt 0:00:00] [#]} (23. b4 $142 Bxa1 24.
Rxa1) 23... Rg8 $1 (23... Bxb2 $2 24. d6+ Kb6 25. Rb1 $18) 24.
Raf1 Qe8 {[%emt 0:04:09][%cal Yd4g7] aiming for ...Bxg7!} (
24... Bxb2 $2 25. d6+ Kc6 26. Qe6 $18) 25. Qxg5 {[%emt 0:03:57] [#]} (25. b4
$142 Qe5 26. bxc5 Bxc5 27. Be2) 25... Rxg7 $1 26. Rxg7 Bxg7 {[%emt 0:00:02] Chess con chili.} 27. Qxg7 Qe5 28. Qg8 a6 {[%emt 0:01:17] ...Nb6 is
the strong threat.} (28... Qxb2 29. d6+ Kxd6 30. Qd8 $11 (30. Rd1+ $2 Kc7 $19))
29. Be2 Nf6 (29... Qxb2 30. Bg4 e3 31. h3 $17
) 30. Qf8 Nfd7 ({Resist} 30...
Nxd5 31. Qxc5+ Nc6 32. Rf7+ Nde7 33. Qxe5+ Nxe5 34. Rxe7+ Kd6 35. Rxb7 $16) 31.
Qg8 Kb6 (31... Qxb2 32. Bg4 e3 33. h3 $17)
32. Bg4 Ka7 33. Qf7 Nb6 ({Weaker is} 33... Qxb2 34. Bxd7 Nxd7 35. Qxd7 $17) 34. Rd1 e3 {[%emt 0:01:56][%cal Yb8d7] And now ...N8d7! would win.
Black is clearly winning.} 35. Be6 (35. Re1 $142) 35... a5 36. Qf3 Na6 37. Qe2 (37. Re1 $142) 37... Rf8 {[%emt 0:00:38] Strongly threatening ...Rf2.}
38. Bg4 Rf2 39. Qe1 Qe4 40. Bf3 Rxf3 41. gxf3 Qxf3+ 42. Kg1 Nxd5 {[%emt 0:00:30] Weighted Error Value: White=0.74/Black=0.55} 0-1

[Event "44th Chess Olympiad Open 2022"]
[Site "Chennai"]
[Date "2022.08.03"]
[Round "6.45"]
[White "Montes Orozco, Miguel Angel"]
[Black "Rajerison, Mananihaja Charly"]
[Result "1-0"]
[WhiteElo "2070"]
[BlackElo "1912"]
[Annotator "NA RC"]
[PlyCount "53"]
[EventDate "2022.??.??"]
[TimeControl "60"]

1. d4 d6 2. Nf3 Bg4 3. e4 Nf6 4. Nc3 e6 5. h3 Bh5 6. Qe2 c6 7. g4 Bg6 8. h4 h5 9. g5 Nfd7 10. d5 e5 11. Be3 cxd5 12. exd5 Be7 13. Bh3 O-O 14. O-O-O Na6 15. Nd2 Nb4 16. Qb5 Nxc2 17. Qxd7 Nb4 18. Qxd8 Bxd8 19. Nc4 Be7 20. b3 b5 21. Nxb5 Nxa2+ 22. Kb2 Nb4 23. Nbxd6 Bxd6 24. Nxd6 Rfd8 25. Nf5 Bxf5 26. Bxf5 Nxd5 27. Rxd5 1-0

[Event "44th Chess Olympiad Open 2022"]
[Site "Chennai"]
[Date "2022.08.03"]
[Round "6.45"]
[White "Rakotomaharavo, Dylan"]
[Black "Capo Vidal, Uriel"]
[Result "0-1"]
[WhiteElo "1948"]
[BlackElo "2215"]
[Annotator "NA RC"]
[PlyCount "104"]
[EventDate "2022.??.??"]
[TimeControl "60"]

1. e4 c5 2. Nf3 Nc6 3. Bb5 g6 4. O-O Bg7 5. Re1 e5 6. c3 Nge7 7. Na3 O-O 8. Nc2 d6 9. Bc4 Qc7 10. d3 Na5 11. Nd2 Nxc4 12. Nxc4 b5 13.
N4a3 Rb8 14. d4 b4 15. Nb1 cxd4 16. cxd4 f5 17. Nd2 f4 18. Nf3 Bg4 19. Bd2 a5 20. Rc1 Qa7 21. d5 Rfc8 22. h3 Bh5 23. Na1 g5 24. Qb3 Bf6 25.
Rxc8+ Rxc8 26. Rc1 Rxc1+ 27. Bxc1 Qc5 28. Qc2 Qxc2 29. Nxc2 Bg6 30. Nd2 Nxd5 31. exd5 Bxc2 32. Nc4 Be4 33. Nxa5 Bxd5 34. Bd2 Bxa2 35. Bxb4 e4 36. Bxd6 Bxb2 37. Nc6 Kf7 38. h4 h6 39. hxg5 hxg5 40. Bc5 Ke6 41. Ba7 Bd5 42. Nd4+ Ke5 43. Nc2 Bb3 44. Bb8+ Kd5 45. g3 Bxc2 46. gxf4 g4 47. Kg2 Ke6 48. Kg3 Kf5 49. Bc7 Bc1 50. Bd6 Bd1 51. Bc7 Bd2 52. Bd6 Bf3 0-1

[Event "44th Chess Olympiad Open 2022"]
[Site "Chennai"]
[Date "2022.08.03"]
[Round "6.46"]
[White "Saraci, Nderim"]
[Black "Alfaro, William"]
[Result "1-0"]
[WhiteElo "2495"]
[BlackElo "2155"]
[Annotator "TA"]
[PlyCount "91"]
[EventDate "2022.??.??"]
[TimeControl "60"]

1. d4 Nf6 2. c4 c5 3. d5 b5 4. cxb5 a6 5. b6 e6 6. Nc3 exd5 7. Nxd5 Nxd5 8. Qxd5 Nc6 9. Nf3 Rb8 10. e4 Be7 11.
Bc4 O-O 12. O-O Rxb6 13. Be3 {[%emt 0:07:46] [#] A57: Benko/Volga Gambit.} Nb4 $146 (13... d6 $11) ({Predecessor:} 13... d6 14. Qd2 Bf6 15. Rad1
Rxb2 16. Qxd6 Qxd6 17. Rxd6 Na5 18. Bd5 Be7 19. Bxc5 Bxd6 20. Bxd6 Re8 {
0-1 (67) Kalavannan,K (2324)-Gracia Alvarez,G (2237) Chess.com INT 2022}) 14.
Qd2 $14 Bb7 15. a3 $1 {[%emt 0:01:07] White
is slightly better.} d5 16. axb4 dxc4 17. bxc5 Re6 18. Qxd8 Rxd8 19. Nd2 Bxc5 20. Bxc5 {[%emt 0:00:58] Black must now prevent Bb4.} Rxd2 21. Rfd1 Rd3 22. f3 h6 23. Rxd3 cxd3 {[%emt 0:00:01] Endgame KRB-KRB
} 24. Rd1 f5 25. exf5 ({
But not} 25. Rxd3 fxe4 26. Rd8+ Kh7 $11) 25... Re5 26. Bd4 Rxf5 27. Rxd3 Rd5 28. Rb3 Rxd4 29. Rxb7 {
[%emt 0:00:04] KR-KR} Rd1+ 30. Kf2 Rd2+ 31. Kg3 a5 32. h4 Kh7 33. Rb5 a4 34.
h5 Kg8 35. Rb4 Kh7 36. Kh3 Kg8 37. g3 a3 $2 {[%emt 0:05:43] This move loses the game for Black.} (37... Rd5 $16) 38.
bxa3 $18 Rd3 {[%emt 0:00:02] [#]} 39. a4 $1 Rxf3 {[%emt 0:00:04] [#]} 40. Kg4 $1 Ra3 41. Kf4 {[%emt 0:30:08] And now g4 would win.} g6 $2 (41... Kf7 42. g4 g6 43. Rb7+ Ke8) 42. hxg6 {[%emt 0:00:00] White is
clearly winning.} Kg7 43. g4 Kxg6 44. Ke5 Kf7 45. Kd6 Rc3 46. Re4 {[%emt 0:00:00] Weighted Error Value: White=0.03 
(flawless) /Black=0.17 (very precise)} 1-0

[Event "44th Chess Olympiad Open 2022"]
[Site "Chennai"]
[Date "2022.08.03"]
[Round "6.46"]
[White "Makolli, Perparim"]
[Black "Salazar Cabezas, Alberto Javier"]
[Result "1-0"]
[WhiteElo "2247"]
[BlackElo "2155"]
[Annotator "TA"]
[PlyCount "84"]
[EventDate "2022.??.??"]
[TimeControl "60"]

1. e4 e6 2. d4 d5 3. e5 c5 4. Nf3 Nc6 5. Bd3 cxd4 6. O-O Be7 {[%emt 0:03:18] C02: French: Advance Variation.} 7. Re1 Bd7 8. a3 {[%emt 0:00:30] White has
compensation.} a5 {[%emt 0:10:13] [#] The position is equal.} (8... f6 $5 ) 9. Bf4 $146 ({White should play} 9. Nbd2 $11) (
{Predecessor:} 9. b3 Rc8 10. Qe2 h6 11. Bb2 Bc5 12. Nbd2 Nge7 13. Nf1 Nf5 14.
Red1 Qb6 15. g4 {1-0 (33) Zobel,T (2088)-Goebel,C (1844) Bad Homburg 2008})
9... g5 10. Bc1 h5 11. Bf1 Nh6 12. c3 (12. Nxd4 $11 Nxd4
13. Qxd4) 12... g4 (12... dxc3 $17 {And now ...g4 would win.}
13. Nxc3 g4 14. Bxh6 (14. Nd4 Nxd4 15. Bxh6 Nf5 $17) 14... Rxh6) 13. Nxd4 $11 Qb6 14. Nxc6 ({Better is} 14.
Be3 $11 Nxd4 15. Bxd4) 14... bxc6 15. Bd3 g3 16. hxg3 Ng4 $36 {[%emt 0:01:25] Black has
good play.} 17. Qf3 O-O-O 18. b4 Rdg8 19. Be3 Qb8 (19...
Nxe3 $11 20. Qxe3 Qxe3 21. Rxe3 h4) 20. Bf4 h4 21. gxh4 (21. bxa5 $2 hxg3 22. Bxg3 Qb2 $19) (21. Nd2 $1 $11
) 21... Bxh4 $17 22. g3 (22. Ra2 $142) 22...
Qa7 $2 23. Bf1 {[%emt 0:03:42] [#]} (23. Nd2 $11 {remains
equal.}) 23... Bxg3 $1 24. Bxg3 {[%emt 0:04:06] [#] aiming
for Bg2.} Nxf2 $1 {[%emt 0:00:03] ( -> ...Nh3+)} 25. Qe3 Nh3+
$1 26. Kg2 {[%emt 0:00:31] [#]} Qc7 {[%emt 0:00:45] [#]} (
26... c5 $1 $17 {Strongly threatening ...Bc6.} 27. Qxc5+ Qxc5 28. bxc5 Bc6) 27.
Nd2 $1 $16 {[%emt 0:02:41] Threatens to win with Ba6+.} f5 $2 {[%emt 0:00:31]
Black cannot hold the game after this.} (27... c5 $16 {is more resistant.}) 28.
exf6 $18 Nf4+ 29. Kf3 Rxg3+ 30. Kxg3 Nd3+ 31. Kf3 Nxe1+ 32. Rxe1 {
[%emt 0:00:16] Dancing on a razor blade.} ({Not} 32. Qxe1 Rh6 33. Qe3 Rxf6+ 34.
Ke2 a4 $18) 32... Qh2 $2 (32... Rh5) 33. Qf4 Qh1+ 34. Ke2 e5 35. Qg5 Qh2+ $2 (35... Qh6 36. Qxh6 (36. Qxe5 $2 Re8
$17) 36... Rxh6 37. bxa5 Rxf6) 36. Kd1 e4 37.
f7 Rf8 38. Kc1 Qf2 39. Ba6+ Kb8 40. Rf1 Qh2 {[%emt 0:00:00] Inhibits Qe5+.} 41. Qe7 Qh8 42. Qxd7 Qxc3+ {[%emt 0:00:06]
Weighted Error Value: White=0.49/Black=0.71} 1-0

[Event "44th Chess Olympiad Open 2022"]
[Site "Chennai"]
[Date "2022.08.03"]
[Round "6.46"]
[White "Rocha, Maximiliano"]
[Black "Saraci, Korab"]
[Result "0-1"]
[WhiteElo "2117"]
[BlackElo "2287"]
[Annotator "NA RC"]
[PlyCount "52"]
[EventDate "2022.??.??"]
[TimeControl "60"]

1. e4 c5 2. c3 Nf6 3. e5 Nd5 4. Nf3 Nc6 5. d4 cxd4 6. Bc4 e6 7. O-O Nb6 8. Bd3 dxc3 9. Nxc3 d5 10. Qe2 Be7 11. a4 a6 12. Rd1 Nd7 13. a5 Nc5 14. Be3 Bd7 15.
Bc2 Rc8 16. Nd4 O-O 17. Nxc6 Bxc6 18. Rd4 Nd7 19. Bd2 g6 20. h4 Bxh4 21. Bh6 Re8 22. Qe3 f5 23. exf6 Bxf6 24. Rg4 Ne5 25. Rb4 d4 26. Rxd4 Qxd4 0-1

[Event "44th Chess Olympiad Open 2022"]
[Site "Chennai"]
[Date "2022.08.03"]
[Round "6.46"]
[White "Espinoza Solano, Jose Nahum"]
[Black "Asllani, Muhamet"]
[Result "0-1"]
[WhiteElo "2093"]
[BlackElo "2235"]
[Annotator "TA"]
[PlyCount "106"]
[EventDate "2022.??.??"]
[TimeControl "60"]

1. e4 e5 2. Nf3 Nc6 3. Bb5 a6 4. Ba4 Nf6 5. O-O Nxe4 6. Re1 Nc5 7. Bxc6 dxc6 8. Nxe5 Be7 9.
d4 Ne6 10. Be3 O-O 11. c4 Bf6 {[%emt 0:00:33] C80: Open Ruy Lopez:
Sidelines and 9 Nbd2.} 12. Nc3 (12. f4 $1 $14) 12... c5 $11 13. Nd5 cxd4 {[%emt 0:01:40] The
position is equal.} 14. Bxd4 Nxd4 15. Qxd4 Be6 16. Rad1 {[%emt 0:05:31] [#]} Re8 $146 ({Predecessor:} 16... c6 17. Nf4 Qxd4 18. Rxd4 Rfe8 19. Nxe6
Rxe6 20. f4 Be7 21. Kf1 f6 22. Nd3 {½-½ (22) Hoffmann,L (1944)-Breitzmann,S 
(1894) Germany 2019}) 17. Nxf6+ Qxf6 18. Nf3 Qg6 19. Qe5 Rac8 20. b3 f6 21. Qg3 Qxg3 22. hxg3 Bg4 23. Kf1 Kf7 24. Rd4 {[%emt 0:00:46] Threatens to win
with Rxe8.} Rxe1+ 25. Kxe1 {[%emt 0:03:19] Endgame KRB-KRN} h5 26. Kd2 Re8 27. Ng1 g5 28. f3 Bf5 29. Ne2 Re5 30. Nc3 Re8 31. a3 Rh8 32. b4 h4 33. gxh4 gxh4 34.
Nd5 c6 35. Nf4 Re8 36. c5 Ke7 37. Ke3 Rh8 {[%emt 0:00:30] Against Nh5} 38. Rd6 Rh6 39. Rd1 Rh8 40. Rh1 Rh7 $1 41. Ne2 Kf7 42. Nd4 Bd7 43. g4 Kg6 44. Kf4 Bc8 45. Rh3 Rh8 46. Nc2 f5 (
46... a5 $11) 47. g5 $1 $14 Kh5 $2 (47... Be6
$14) 48. Ne3 $18 Rd8 49. Ng2 $1 Rd4+ {[%emt 0:03:47] [#]} (49... Kg6 $142 50. Nxh4+ Kf7 51. Nxf5 Rd5) 50.
Ke5 $1 Rd2 {[%emt 0:01:51] [#]} 51. Rxh4+ $2 ({Only move:} 51. Nf4+ $1 $18 Kxg5 52. Rh1) 51... Kxg5 $11 52. f4+ Kg6 53. Rh8 $2 (53. Ne3 $11) 53... Rd5# {[%emt 0:00:
04] What a bad dream for White. Weighted Error Value: White=0.27 (precise) /
Black=0.30} 0-1

[Event "44th Chess Olympiad Open 2022"]
[Site "Chennai"]
[Date "2022.08.03"]
[Round "6.47"]
[White "Munoz Santana, Jose Lisandro"]
[Black "Christie, Joshua"]
[Result "1/2-1/2"]
[WhiteElo "2423"]
[BlackElo "2272"]
[Annotator "TA"]
[PlyCount "85"]
[EventDate "2022.??.??"]
[TimeControl "60"]

1.
e4 e5 2. Nf3 Nc6 3. Bc4 Nf6 4. d3 Be7 5. O-O O-O 6. Re1 d6 7. a4 Na5 8. Ba2
{[%emt 0:00:31] C55: Two Knights: 4 d3, 4 d4 exd4 5 e5 and Max Lange Attack.}
c5 9. c3 Nc6 10. Na3 {
[%emt 0:06:28][%cal Yb1a3,Ya3c2,Yc2e3] White is slightly better.} a6 11. Nc2 h6 12. h3 Re8 13. Ne3 Bf8 14. Nh2 Be6 {[%emt 0:05:26] [#]} 15. Nhg4 $146 ({
Predecessor:} 15. Qf3 Bxa2 16. Rxa2 b5 17. Nf5 b4 18. Ng4 Nxg4 19. Qxg4 Kh7 20.
Re3 g6 21. Rg3 bxc3 22. bxc3 {½-½ (47) Cornette,D (2447)-Collins,S (2455)
Chess.com INT 2017}) 15... Nh7 16. Qf3 Ng5 17. Qe2 Ne7 18. h4 Nh7 19. g3 Qd7 20.
a5 Bxa2 21. Rxa2 Qe6 22. Ra4 Rad8 23. Qf3 h5 24. Nh2 Nf6 25. c4 Qd7 26. Qd1 g6 27. Nd5 Nfxd5 (27... Bg7 $14 {might be stronger.}) 28. cxd5 $16 Bg7 29. b4 Rc8 {[%emt 0:00:19] [#]} 30. bxc5 Rxc5 31. Ba3 ({Better is} 31.
Bd2 $16) 31... Rb5 (31... Rc3 $11 {is superior.}) 32. Nf3 $14 Rc8 33. Nd2 ({White should
play} 33. Re2 $16) 33... Rc3 $11 34. Nc4 {[%emt 0:
03:19] Strongly threatening Bb4.} Rbb3 35. Nb6 {[%emt 0:00:39]
[#]} (35. Rb4 $1 $11 Rxa3 36. Nxa3 Rxa3 37. Qb1) 35... Qh3 $1 $19 36. Bxd6 (36. Re2 $142 Rxd3 37. Qf1 Qxf1+ 38. Kxf1 Rxa3
39. Rxa3 Rxa3 40. Nc4 Ra1+ 41. Kg2) 36... Rxd3 37. Qxb3 Rxb3 38. Bxe7 Rxg3+ $2 39. fxg3 $11 {[%emt 0:00:08] The position is equal.} Qxg3+ 40. Kf1 Qf3+ 41. Kg1 Qg3+ 42. Kf1 Qf3+ 43. Kg1 {[%emt 0:00:06] Weighted Error Value: White=0.42/Black=0.19 
(very precise)} 1/2-1/2

[Event "44th Chess Olympiad Open 2022"]
[Site "Chennai"]
[Date "2022.08.03"]
[Round "6.47"]
[White "Arvelo Leo, Gian Carlo"]
[Black "Lorne, Ras Malaku"]
[Result "0-1"]
[WhiteElo "2176"]
[BlackElo "2079"]
[Annotator "TA"]
[PlyCount "102"]
[EventDate "2022.??.??"]
[TimeControl "60"]

1. Nf3 c5 2. g3 Nc6 3. Bg2 g6 4. O-O Bg7 5. d3 e5 6. c4 Nge7 7. Nc3 d6 8. Ne1 Be6 9. Nc2 d5 10. cxd5 Nxd5 11. Ne3 {
[%emt 0:00:21][%cal Re3d5] A37: Symmetrical English vs ...g6:4 Bg2 Bg7 5 Nf3.}
Nde7 12. Nc4 {[%emt 0:04:35] is recently more successful than
12.Ne4.} O-O $1 13. Rb1 {[%emt 0:09:27] [#] Black has an edge.
} h6 $146 ({Predecessor:} 13... Qd7 14. Be3 Nd4 15. Ne4 Rac8
16. b4 cxb4 17. Bxd4 exd4 18. Rxb4 b5 19. Ncd2 Nd5 {0-1 (77) Vazquez del Valle,
R (1852)-Amon,N (2116) Portoroz 2017}) 14. Bd2 Rb8 15. a4 f5 16. b3 b6 17. Qc1 g5 18. h4 f4 19. hxg5 hxg5 20. Ne4 Nd4 21.
Re1 Ng6 (21... Bg4 $15 22. f3 Bf5) 22. b4 $11 g4 23. bxc5 f3 (23... fxg3 $11 24. fxg3 bxc5) 24. exf3 (24.
Bg5 $5 Nxe2+ 25. Rxe2 Qxd3 26. Re3 Qxc4 27. Bf1 Qxc1 28. Rxc1
bxc5 29. Bb5 $11) 24... Nxf3+ (24... gxf3 $14 25. Bf1 bxc5)
25. Bxf3 $18 gxf3 26. Ncd6 {[%emt 0:00:32]
Threatens to win with c6. Pair of Knights!} Nf4 27. Qd1 $2 (27. gxf4 $2 Qh4 28. Re3 exf4 29. Rxf3 Qg4+ 30. Kh2
Qxf3 $19) (27. Bxf4 exf4 28. Rb4 (28. gxf4 $2 Qh4 $19) 28... a5 $14) (27. c6 $1
$18 Qe7 28. c7 (28. gxf4 Qh4 $11) 28... Nh3+ 29. Kf1) 27... Nh3+ (27... Ne2+ $14 28. Kh2 Qd7) 28. Kf1 $1 $16 bxc5 29. Rxb8 Qxb8 30. Bc3 ({Better is} 30. Qc2 $16) 30... Qc7 (30... Qd8
$11 {remains equal.}) 31. Qa1 (31. Re3 $1 $16 )
31... c4 $11 32. d4 $2 (32. Qb1 $11) 32...
exd4 $2 {[%emt 0:00:25] Really sharp!} ({Black should play} 32... Bh8 $17 {
...Qh7 is the strong threat.} 33. Rd1 (33. dxe5 $2 Qh7 $19) 33... Qh7) 33. Bxd4
$14 Bxd4 34. Qxd4 Qg7 35. Qxg7+ Kxg7 36. Nc5 (36. Re3 $14) 36... Bg8 37. Re7+ Kf6 (37... Kg6 $11) 38. Rxa7 (38. Re3 $1
$14 Kg6 39. Nb5 (39. Nd7 Rd8 $11)) 38... Rd8 $11 39. Nde4+ Ke5 {[%emt 0:00:27][%cal Rd8d1,Yf6e5,Ye5d4,Yd4e4] Black has
compensation.} 40. Ke1 {[%emt 0:00:24] Inhibits Rd1+.} (40. Re7+ $11 {and
White has nothing to worry.} Kd4 41. Nb7) 40... Kd4 $19 41.
Rg7 $2 (41. Re7 c3 42. Nd7) 41... Re8 {[%emt 0:01:55] Hoping
for ...Bd5.} 42. Rd7+ Bd5 {[%emt 0:00:00] Strongly
threatening ...c3.} 43. Kd2 Rxe4 ({Weaker is
} 43... Nxf2 44. Nc3 Kxc5 45. Rxd5+ Kc6 46. Rd4 $11 (46. Rf5 Rd8+ 47. Kc2 Rd3
$11)) 44. Nxe4 Kxe4 45. a5 Nxf2 46. a6 {[%emt 0:00:00] [#]} c3+ $1 47.
Kc2 {[%emt 0:00:00] [#]} Nd3 $1 {[%emt 0:02:10] ( -> ...f2)} 48. a7 f2 49. Rf7 $2 (49. Rxd5 $19 f1=Q 50.
Re5+ Kd4 51. Re4+ Kc5 52. Kxc3 (52. a8=Q $2 {is a self mate.} Qc1+ 53. Kb3 Qb2+
54. Ka4 Qa2#) 52... Qa1+ 53. Kxd3 Qxa7 54. Ke2) 49... Ne1+ {[%emt 0:02:13]
Black mates.} 50. Kxc3 Nf3 51. Re7+ Ne5 {[%emt 0:12:57] Never resign too early! Weighted Error Value:
White=1.02/Black=0.29 (precise)} 0-1

[Event "44th Chess Olympiad Open 2022"]
[Site "Chennai"]
[Date "2022.08.03"]
[Round "6.47"]
[White "Smith, Shreyas"]
[Black "Guzman, Christopher"]
[Result "0-1"]
[WhiteElo "2147"]
[BlackElo "2243"]
[Annotator "NA RC"]
[PlyCount "84"]
[EventDate "2022.??.??"]
[TimeControl "60"]

1. e4 c6 2. d4 d5 3. e5 Bf5 4. h4 h5 5. Bd3 Bxd3 6. Qxd3 Qa5+ 7. Nd2 e6 8.
Ngf3 Nh6 9. O-O Be7 10. c4 Nf5 11. g3 Nd7 12. b3 Rc8 13.
a3 Qd8 14. Nb1 Qa5 15. Bd2 Qa6 16. Qc2 dxc4 17. bxc4 c5 18. d5 Nd4 19. Nxd4 cxd4 20. d6 Rxc4 21. Qa2 Bd8 22. Bf4 Qc6 23. Qe2 g5 24. Nd2 d3 25. Qd1 gxf4 26. Nxc4 Qxc4 27. Qf3 Nxe5 28. Qxb7 Qd4 29. Kg2 f3+ 30. Kh2 Qxd6 31. Rad1 Bxh4 32. Rfe1 Ng4+ 33. Kg1 Bxg3 34. Qc8+ Ke7 35. Qb7+ Kf8 36. Qc8+ Kg7 37. Qc3+ f6 38. Rxd3 Bxf2+ 39. Kf1 Qg3 40. Rd7+ Kg6 41. Qd3+ Kg5 42. Qd2+ Kh4 0-1

[Event "44th Chess Olympiad Open 2022"]
[Site "Chennai"]
[Date "2022.08.03"]
[Round "6.47"]
[White "Shaw, Jaden"]
[Black "Camacho Campusano, David Daniel"]
[Result "1-0"]
[WhiteElo "1930"]
[BlackElo "2221"]
[Annotator "NA RC"]
[PlyCount "109"]
[EventDate "2022.??.??"]
[TimeControl "60"]

1. e4 e5 2. Nf3 Nc6 3. Bb5 f5 4. d3 fxe4 5. dxe4 Nf6 6. O-O d6 7. Nc3 a6 8. Be2 Be7 9. Be3 O-O 10. Ng5 Qe8 11. Bc4+ Kh8 12. Ne6 Bxe6 13. Bxe6 Bd8 14. Bh3 Ne7 15. Qd3 Qh5 16. Ne2 Ng4 17. Ng3 Qg6 18. Bd2 h5 19. f3 Nh6 20. f4 exf4 21. Bxf4 Ng4 22. Bd2 Re8 23. Rf4 Nc6 24. Rf5 Nce5 25. Qb3 h4 26. Rh5+ Nh6 27. Bf5 Qf7 28. Bxh6 Qxb3 29. axb3 hxg3 30. Bg5+ Kg8 31. Bh7+ Kf7 32. Rf1+ Bf6 33. hxg3 Rh8 34. Rh4 a5 35. Bxf6 gxf6 36. Bf5 Rxh4 37. gxh4 a4 38. Ra1 axb3 39. Rxa8 bxc2 40. Ra1 Nd3 41. e5 c1=Q+ 42. Rxc1 Nxc1 43. e6+ Kf8 44. Kf2 Nb3 45. Ke3 Na5 46. Be4 Ke7 47. Bd5 Nc6 48. Ke4 Ne5 49. Kf5 c6 50. Bb3 Kf8 51. h5 d5 52. h6 b5 53. h7 Kg7 54. e7 Nf7 55. h8=Q+ 1-0

[Event "44th Chess Olympiad Open 2022"]
[Site "Chennai"]
[Date "2022.08.03"]
[Round "6.48"]
[White "Adebayo, Adegboyega"]
[Black "Myat Thiri Aung Kyaw"]
[Result "0-1"]
[WhiteElo "2313"]
[BlackElo "2120"]
[Annotator "TA"]
[PlyCount "127"]
[EventDate "2022.??.??"]
[TimeControl "60"]

1. d4 Nf6 2. Bg5 d5 3. e3 e6 4. Nf3 Be7 5. Nbd2 Nbd7 6.
c3 c5 {[%emt 0:02:47] is the legacy move (6...b6).} 7. Bd3 h6 8. Bf4 {[%emt 0:01:06] D03:1 d4 d5 2 Nf3
Nf6 3 Bg5, including Torre Attack with early ...d5.} a6 9. O-O
{[%emt 0:00:52] [#]} Nh5 $146 ({Predecessor:} 9... Qb6 10. Qb3
Qc6 11. Qd1 c4 12. Bc2 b5 13. a3 Bb7 14. Re1 Ne4 15. Ne5 Nxe5 16. Bxe5 {
0-1 (51) Krsmanovic,G (1822)-Nesovanovic,M (1985) Belgrade 2007}) 10. Be5 {
[%emt 0:00:16] The position is equal.} Nxe5 11. Nxe5 Nf6 12. f4 Qc7 13.
a4 Bd7 14. Qf3 Bc6 15. Qg3 O-O 16. Ng4 (16. Bc2 $11) 16... Nxg4 $15 17. Qxg4 f5 (17... b5 $15) 18. Qh3 Qb6 19. Rfb1 Bd6 20. Nf3 cxd4 21. Nxd4 Bd7 22. Qf3 Rac8 23. a5 Qc5 24. Rc1 e5 25. b4 Qc7 26. Qxd5+ Kh8 27. fxe5 Bxe5 28. h3 Rcd8 29. Qf3 Bc8 {[%emt 0:02:38] This bishop pair is nice.}
30. Rc2 Qe7 31. Rf1 Bb8 32. Rff2 Rde8 33. Rfe2 (33. Bxf5 g6 34. e4 gxf5 35. exf5 Qd6 $17) 33... g6 34. Bc4 (34. e4 $14) 34... h5 ({
Black should try} 34... g5 $1 $15 35. Bb3 Qd6) 35. Qf2 Qc7 (35... g5 $142) 36. Qf4 $36 {[%emt 0:01:45] White is pushing.}
Qxf4 37. exf4 Bxf4 38. Rxe8 Rxe8 39. Bf7 Re3 40. Bxg6 Bg3 41. Rc1 Be5 {[%emt 0:30:54] [#]} ({Better is} 41... Re1+ $14
42. Rxe1 Bxe1) 42. Kf1 $1 $16 ({Much less strong is} 42. Bxh5
Rxc3 43. Ne2 Rc7 $14) ({Don't do} 42. Nxf5 Bxf5 43. Bxf5 Rxc3 $14) 42... f4 (42... Bf4 $16 {is a better defense.}) 43. Bxh5 Kg7 (43... Bf6 $142 44. Bf3 Kg7 45. Bxb7 Bxb7) 44. Bf3 Kf6 45. h4 Bc7 46. Kf2 (46. Ne2 $18) 46... b6 47. Ne2 (47. g4 {feels hotter.} bxa5 48. g5+ Kg7 49. bxa5 Bxa5 50. Ne2)
47... bxa5 48. bxa5 Re7 (
48... Rd3 $16 49. Rb1 Be6) 49. Ra1 ({White should play} 49. c4
$18) 49... Bd7 50. c4 Be6 51. c5 Bc4 52. Ra4 Bb5 53. Rb4 Kg7 (
53... Bxe2 {was worth a try.} 54. Bxe2 Ke5) 54. Nxf4 $18 {[%emt 0:01:49] [#]
aiming for Nd5.} Bxa5 55. Re4 Rxe4 56. Bxe4 {[%emt 0:00:11] Endgame KBB-KBN} Bb4 57. Kf3 a5 58. Bd5 Kf6 $2 (58... a4 59. c6 Ba5 60. Ne6+ Kf6) 59. c6 {[%emt 0:05:56] Strongly
threatening g4.} Bd6 $2 (59... Ke7 60. g4 Kd6) 60. g4 {
[%emt 0:02:43] White is clearly winning.} Ke5 61. h5 a4 62. h6 {[%emt 0:00:34] White
wants to mate with h7.} Kf6 63. Ne6 (63. Ke4
$142 Bf8 64. c7) 63... Be5 64. Nc5 $2 {[%emt 0:04:36]
Weighted Error Value: White=0.31/Black=0.25 (precise) . Loss on time!?} (64.
Ke4 Bxc6 65. g5+ Kg6 66. Kxe5 Bxd5 67. Nf4+ Kh7 68. Nxd5 Kg6 69. Nf4+ Kf7 70.
g6+ Ke7 71. h7) 0-1